cohdb
Replays
Latest Replays
All Replays
Popular Replays
Top Player Replays
Match Explorer
How It Works
Community
CoH3 Stats
Reddit
Sign in to upload your games and track your stats! →
Sign in with Steam
Match 38422467
Unlisted
Match 38422467
Overview
Messages
Build Orders
End
Kradschützen Motorcycle Team
250 Light Carrier
Panzergrenadier Squad
Construct Light Support Kompanie
MG34 Team
Combat Half-tracks
250 Light Carrier
Fire Support Elements
Panzerjäger Mechanized Group
Flakvierling Half-track
Selects Armored Support Battlegroup
Selects Veteran Gunners
Pak 38 Anti-tank Gun Team
Construct Panzerarmee Kommand
Vehicle Survival Package
Flak 36 Anti-tank Gun Team
Walking Stuka Rocket Launcher
Rapid Advance
daskro
KoalaImpala
Tanith's Finest
1738720734
Mortus
CoNnEcT FoUr!!!
LEOPARD1492
Nona_
0
0
Comments
sign in to comment!
No comments posted yet!